 Dungeon Sprint DCSS version 0.22-a0-479-gc6e99f3 (webtiles) character file.

2016 galech the Fighter (level 9, -10/114 HPs)
             Began as an Ogre Berserker on June 14, 2018.
             Was a High Priest of Trog.
             Mangled by a red devil
             ... wielding a +0 trident
             ... summoned by an orc sorcerer
              (11 damage)
             ... while paralysed by an orc sorcerer
             ... in the Dungeon (Sprint III: "The Ten Rune Challenge").
             The game lasted 00:03:18 (1000 turns).

galech the Fighter (Ogre Berserker)                 Turns: 1000, Time: 00:03:19

Health: -10/114    AC:  4    Str: 30    XL:     9   Next: 23%
Magic:  9/9        EV:  1    Int:  8    God:    Trog [*****.]
Gold:   37         SH:  0    Dex:  8    Spells: 8/8 levels left

rFire    . . .     SeeInvis .   p - +0 mace (protect)
rCold    + . .     Gourm    .   (no shield)
rNeg     . . .     Faith    .   s - +1 robe {rC+}
rPois    .         Spirit   .   (helmet restricted)
rElec    .         Reflect  .   (no cloak)
rCorr    .         Harm     .   (gloves unavailable)
MR       .....     NoTele   +   (boots unavailable)
Stlth    +++.......             (no amulet)
HPRegen  0.29/turn              (no ring)
MPRegen  0.11/turn              (no ring)

@: paralysed, berserk cooldown, slowed
A: large, unfitting armour, repulsion field 1, camouflage 1, strong 2, tough
skin 1, MP-powered wands
a: Berserk, Trog's Hand, Brothers in Arms, Renounce Religion


You were in the Dungeon.
You worshipped Trog.
Trog was extremely pleased with you.
You were hungry.

You visited 1 branch You collected 37 gold pieces.

Inventory:

Hand Weapons
 a - a +0 mace
 p - a +0 mace of protection (weapon)
Armour
 b - a +0 animal skin
 s - a +1 robe of cold resistance (worn)
Wands
 o - a wand of acid (9)
Scrolls
 i - a scroll of blinking
 j - 2 scrolls of immolation {unknown}
 k - 4 scrolls of identify
 l - 2 scrolls of remove curse {unknown}
Potions
 d - 2 potions of curing
 e - 2 potions of heal wounds
 f - 2 potions of haste
 g - 2 potions of magic
 h - 2 potions of berserk rage
 m - 2 potions of ambrosia {unknown}
 n - 2 potions of mutation
Miscellaneous
 q - a lightning rod (4/4)
Comestibles
 c - 4 rations
 r - a chunk of flesh


   Skills:
 + Level 14.6 Fighting
 + Level 12.0 Maces & Flails
 + Level 10.1 Dodging
 + Level 2.1 Stealth


You had 8 spell levels left.
You didn't know any spells.
Your spell library was empty.

Dungeon Overview and Level Annotations

Branches:
Dungeon (1/1)

Altars:
Cheibriados
Dithmenos
Elyvilon
Fedhas
Gozag
Hepliaklqana
Kikubaaqudgha
Makhleb
Nemelex Xobeh
Okawaru
Qazlal
Ru
Sif Muna
Trog
Uskayaw
Vehumet
Wu Jian
Xom
Yredelemnul
Zin
The Shining One
Beogh
Jiyva
Lugonu


Innate Abilities, Weirdness & Mutations

You are too large for most types of armour.
You have tough skin. (AC +1)
You are surrounded by a mild repulsion field. (EV +2)
Your skin changes colour to match your surroundings (Stealth+).
Your muscles are very strong. (Str +4)
You expend magic power (3 MP) to strengthen your wands.


Message History

The orc warrior closely misses you.
The orc warrior hits you with a dire flail!
The orc sorcerer mumbles some strange words.
The orc warrior hits you with a dire flail!!
The orc warrior sings a few bars from the Orcish anthem.
There is a fountain of clear blue water here.
There is an open door to the Ecumenical Temple here.
The orc sorcerer gestures at you while chanting.
You suddenly lose the ability to move!
The red devil hits you from afar with a trident!!
* * * LOW HITPOINT WARNING * * *
The red devil hits you from afar with a trident!
* * * LOW HITPOINT WARNING * * *
The orc sorcerer barely misses you.
The red devil hits you from afar with a trident!
* * * LOW HITPOINT WARNING * * *
The orc sorcerer hits you with a dagger.
* * * LOW HITPOINT WARNING * * *
The red devil hits you from afar with a trident!
You die...

▓▓▓▓▓▓▓▓▓▓ ▓▓▓ ▓▓▓▓▓
<.#..'...♣♣♣♣ ♣.############$$$#
..#..#....♣.♣ ♣.#___#___#__#$#$#
#'####.....♣♣ ♣♣.#)..#__.#÷_#oo..
.....#....≈.♣♣♣..###'#'###)##oo..
.....#...≈≈...♣..#4.........#oo.o
.....#..≈≈≈≈.♣.♣.oog........#o#
####'#..≈≈≈≈≈≈♣.@#...######(#$#
(...÷#.≈≈≈≈≈≈....#.⌠.#__#...#'###
.....#.≈≈≈≈≈.....#...#__#...#o.≈§
.....#.≈≈≈.......#)###__#..o#.#§§
'#####...........#.:.#__#...'.#§§
.................#___#__'...#.#§§
▓▓▓▓▓▓▓▓▓▓▓▓▓▓▓▓▓▓▓▓▓▓▓▓▓▓▓▓▓▓▓▓▓


You could see an orc sorcerer, a red devil, an orc warrior and a goblin.

Vanquished Creatures
  Josephine (D)
  A deep elf mage (D)
  A shadow (D)
  A spatial vortex (D)
  An orc warrior (D)
  A necrophage (D)
  A water elemental (D)
  A wizard (D)
  A jelly (D)
  A necromancer (D)
  3 humans (D)
  A kobold demonologist (D)
  A phantom (D)
  4 rats (D)
19 creatures vanquished.

Vanquished Creatures (others)
  2 draconian scorchers (D)
  2 yaktaurs (D)
  6 hellions (D)
  An electric eel (D)
11 creatures vanquished.

Grand Total: 30 creatures vanquished

Notes
Turn   | Place    | Note
-------+----------+-------------------------------------------
     0 | D        | galech the Ogre Berserker began the quest for the Orb.
     0 | D        | Reached XP level 1. HP: 24/24 MP: 1/1
    25 | D        | Reached ** piety under Trog
   105 | D        | Killed a hellion
   107 | D        | Killed a hellion
   107 | D        | Killed a hellion
   153 | D        | Killed a hellion
   161 | D        | Killed a white draconian scorcher
   188 | D        | Reached skill level 5 in Fighting
   188 | D        | Reached XP level 2. HP: 36/36 MP: 2/2
   195 | D        | Killed a hellion
   199 | D        | Killed a yaktaur
   214 | D        | Killed a hellion
   244 | D        | Reached XP level 3. HP: 34/44 MP: 3/3
   246 | D        | Killed a white draconian scorcher
   272 | D        | Gained mutation: You are frail. (-10% HP) [potion of mutation]
   272 | D        | Gained mutation: You evolve. [potion of mutation]
   272 | D        | Gained mutation: Your muscles are strong. (Str +2) [potion of mutation]
   273 | D        | Lost mutation: You are frail. (-10% HP) [potion of mutation]
   273 | D        | Lost mutation: You evolve. [potion of mutation]
   273 | D        | Gained mutation: Your skin changes colour to match your surroundings (Stealth+). [potion of mutation]
   273 | D        | Gained mutation: Your muscles are very strong. (Str +4) [potion of mutation]
   273 | D        | Gained mutation: You expend magic power (3 MP) to strengthen your wands. [potion of mutation]
   273 | D        | Gained mutation: You are surrounded by a mild repulsion field. (EV +2) [potion of mutation]
   317 | D        | Noticed a water elemental
   325 | D        | Killed a water elemental
   325 | D        | Reached *** piety under Trog
   325 | D        | Reached skill level 7 in Fighting
   325 | D        | Reached skill level 5 in Maces & Flails
   325 | D        | Reached skill level 5 in Dodging
   325 | D        | Reached XP level 4. HP: 55/55 MP: 4/4
   379 | D        | Found a radiant altar of Vehumet.
   379 | D        | Found a deep blue altar of Sif Muna.
   379 | D        | Found an ancient bone altar of Kikubaaqudgha.
   379 | D        | Noticed a wizard
   386 | D        | Noticed a hellwing
   386 | D        | Killed a wizard
   386 | D        | Reached skill level 8 in Fighting
   390 | D        | Reached XP level 5. HP: 65/65 MP: 5/5
   434 | D        | Found a glowing silver altar of Zin.
   434 | D        | Found a glowing golden altar of the Shining One.
   434 | D        | Found a white marble altar of Elyvilon.
   435 | D        | Noticed a deep elf mage
   446 | D        | Killed a deep elf mage
   446 | D        | Reached **** piety under Trog
   446 | D        | Reached skill level 11 in Fighting
   446 | D        | Reached XP level 6. HP: 80/80 MP: 6/6
   446 | D        | Reached XP level 7. HP: 88/88 MP: 7/7
   501 | D        | Found a hide-covered altar of Uskayaw.
   501 | D        | Found a roughly hewn altar of Beogh.
   501 | D        | Found an iron altar of Okawaru.
   501 | D        | Found a bloodstained altar of Trog.
   501 | D        | Found an ornate altar of the Wu Jian Council.
   501 | D        | Noticed a human
   501 | D        | Noticed a human
   509 | D        | Killed a human
   509 | D        | Reached skill level 12 in Fighting
   516 | D        | Killed a human
   565 | D        | Killed a yaktaur
   760 | D        | Found a basalt altar of Yredelemnul.
   760 | D        | Found a shadowy altar of Dithmenos.
   760 | D        | Found a sacrificial altar of Ru.
   766 | D        | Reached ***** piety under Trog
   770 | D        | Reached skill level 10 in Maces & Flails
   770 | D        | Reached XP level 8. HP: 101/101 MP: 8/8
   819 | D        | Noticed a shadow
   828 | D        | Killed a shadow
   828 | D        | Reached skill level 13 in Fighting
   830 | D        | Received a gift from Trog
   838 | D        | Found a blossoming altar of Fedhas.
   838 | D        | Found a stormy altar of Qazlal.
   839 | D        | Found a snail-covered altar of Cheibriados.
   839 | D        | Found a burning altar of Makhleb.
   839 | D        | Found a hazy altar of Hepliaklqana.
   839 | D        | Found a shimmering altar of Xom.
   839 | D        | Found an opulent altar of Gozag.
   839 | D        | Found a sparkling altar of Nemelex Xobeh.
   839 | D        | Found a corrupted altar of Lugonu.
   839 | D        | Found a viscous altar of Jiyva.
   850 | D        | Reached skill level 1 in Stealth
   862 | D        | Noticed Josephine
   877 | D        | Killed Josephine
   877 | D        | Reached skill level 14 in Fighting
   877 | D        | Reached skill level 10 in Dodging
   877 | D        | Reached XP level 9. HP: 87/114 MP: 9/9
   974 | D        | Noticed an orc sorcerer
   974 | D        | Noticed an orc knight
   990 | D        | Noticed a red devil
   995 | D        | Paralysed by an orc sorcerer for 6 turns
   998 | D        | HP: 2/114 [red devil/trident[an orc sorcerer] (15)]
  1000 | D        | Mangled by a red devil

Vault maps used:
D:        dungeon_sprint_mu

Skill      XL: |  1  2  3  4  5  6  7  8  9 |
---------------+----------------------------+-----
Maces & Flails | 3 4 5 6 9 10 11 12 | 12.0
Dodging        | 3 4 5 7 8 10 | 10.1
Fighting       | 5 7 8 11 12 14 | 14.6
Stealth        | 2 |  2.1

Action                   |  1- 3 |  4- 6 |  7- 9 || total
-------------------------+-------+-------+-------++-------
Melee: Mace              |    30 |    19 |    54 ||   103
Invok: Berserk           |     2 |     2 |     3 ||     7
  Use: Potion            |     2 |       |       ||     2
 Stab: Sleeping          |       |       |     1 ||     1
  Eat: Ration            |       |     1 |       ||     1
       Chunk             |       |       |     2 ||     2
Armor: Animal skin       |     7 |     1 |    10 ||    18
Dodge: Dodged            |    16 |     8 |    21 ||    45

Table legend:
 A = Spawn XP
 B = Non-spawn XP
 C = Spawn XP percentage of total XP
 D = Spawn monster count
 E = Non-spawn monster count
 F = Spawn count percentage of total count
 G = Total turns spent on level
                    A         B        C        D         E        F      G
               +---------+---------+-------+---------+---------+-------+---------
         Total |       0 |    2881 |   0.0 |       0 |      19 |   0.0 |  1000
               +---------+---------+-------+---------+---------+-------+---------
             D |       0 |    2881 |   0.0 |       0 |      19 |   0.0 |  1000
               +---------+---------+-------+---------+---------+-------+---------
